 Dungeon Crawl Stone Soup version 0.20.1-1-g8b1a95d66d (webtiles) character file.

728 NullDivider the Sneak (level 7, -6/46 HPs)
             Began as an Octopode Artificer on Nov 24, 2017.
             Was a Follower of Nemelex Xobeh.
             Mangled by Duvessa
             ... wielding a +2 rapier of electrocution
              (17 damage)
             ... on level 4 of the Dungeon.
             The game lasted 00:22:53 (4851 turns).

NullDivider the Sneak (Octopode Artificer)          Turns: 4851, Time: 00:22:53

Health: -6/46      AC:  1    Str: 11    XL:     7   Next: 72%
Magic:  10/10      EV: 15    Int: 14    God:    Nemelex Xobeh [*.....]
Gold:   142        SH:  0    Dex: 14    Spells: 6/6 levels left

rFire    + . .     SeeInvis .   e - +0 dagger
rCold    + . .     Gourm    +   (no shield)
rNeg     . . .     Faith    .   (helmet restricted)
rPois    .         Spirit   .   l - amulet of the gourmand
rElec    .         Reflect  .   g - ring of protection from cold
rCorr    .         Harm     .   w - ring of teleportation (curse)
MR       .....     Rnd*Tele +   C - ring of protection from fire
Stlth    ++++......             (no ring)
Regen    0.2/turn               (no ring)
MPRegen  0.2/turn               (no ring)
                                (no ring)
                                (no ring)

@: no status effects
A: almost no armour, stealthy swim, amphibious, 8 rings, constrict 8, camouflage
1, gelatinous body 1
a: Renounce Religion


You were on level 4 of the Dungeon.
You worshipped Nemelex Xobeh.
Nemelex Xobeh was aware of your devotion.
You were completely stuffed.

You visited 1 branch of the dungeon, and saw 4 of its levels.

You collected 142 gold pieces.

Inventory:

Hand Weapons
 e - a +0 dagger (weapon)
Jewellery
 g - a ring of protection from cold (left tentacle)
 l - an amulet of the gourmand (around mantle)
 w - a cursed ring of teleportation (right tentacle)
 C - a ring of protection from fire (on tentacle)
Wands
 b - a wand of flame (0/48)
 c - a wand of enslavement (15/24)
 d - a wand of random effects (14/48)
 y - a wand of enslavement (2/24)
 A - a wand of flame (0/48)
Scrolls
 a - a scroll of fear
 h - 5 scrolls of teleportation
 j - a scroll of enchant weapon
 n - 2 scrolls of recharging
 q - a scroll of amnesia
 u - a scroll of fog {unknown}
 B - a scroll of remove curse {unknown}
 D - a scroll of blinking {unknown}
Potions
 m - a potion of cancellation {unknown}
 o - 2 potions of curing {unknown}
 r - 2 potions of magic {unknown}
 s - 2 potions of resistance {unknown}
 t - 2 potions of lignification {unknown}
 v - a potion of ambrosia {unknown}
 z - a potion of mutation {unknown}
 E - a potion of brilliance {unknown}
Comestibles
 f - 2 bread rations
 i - 3 royal jellies
 k - 2 fruits
 p - 4 meat rations
 x - a chunk of flesh


   Skills:
 + Level 3.4 Fighting
 + Level 3.6 Short Blades
 + Level 4.0 Dodging
 + Level 5.7 Stealth
 + Level 5.2 Evocations


You had 6 spell levels left.
You didn't know any spells.

Dungeon Overview and Level Annotations

Branches:
Dungeon (4/15)
 Temple: D:4-7

Altars:
Nemelex Xobeh

Annotations:
D:4 Duvessa


Innate Abilities, Weirdness & Mutations

You cannot wear most types of armour.
You are very stealthy in the water. (Stealth+)
You are amphibious.
You can wear up to eight rings at the same time.
You can use your tentacles to constrict eight enemies at once.
Your skin changes colour to match your surroundings (Stealth+).
Your rubbery body absorbs attacks. (AC +1, EV +1)


Message History

Evoke which item? (* to show all) (? for menu, Esc to quit)
Aiming: Random Effects
Press: ? - help, Shift-Dir - straight line, f/p - Duvessa
Aim: Duvessa, wielding a rapier of electrocution and wearing a leather armour (heavily wounded, berserk, fast, unusually strong) Duvessa seems to slow down.
This wand has 14 charges left.
Duvessa hits you with a rapier of electrocution!
You are electrocuted!
You hit Duvessa. You grab Duvessa.
Duvessa is heavily wounded.
You constrict Duvessa. You hit Duvessa.
Duvessa is heavily wounded.
You constrict Duvessa.
Duvessa hits you with a rapier of electrocution!
* * * LOW HITPOINT WARNING * * *
As you read the scroll of fear, it crumbles to dust.
You assume a fearsome visage.
You constrict Duvessa.
Duvessa hits you with a rapier of electrocution!
You die...
Your body disappears without a glow.

#.# #.# #.#
#############
#.#####.###.#
#######...........#
#............
.............####.#
#.#####.###.#
##..............#.# .#
#.###.#
#.####.####.##.#.###.#
#......
#.##.....##.##.#.#!).
####.##
#.##.....##.##.#.#.#
#.
#....<...##.##.@e..#
#.
##.###...##.######.#
#. #.# #..>##.# .(.
#.###(####.# ####
##....# #.# ##.#.# #.#
#. #.#.####.# #.##
#.#......# #...
#.#####..# #...


You could see Duvessa (berserk).

Vanquished Creatures
  Sigmund (D:4)
  Eustachio (D:4)
  An ogre (D:3)
  A phantom (D:4)
  Ijyb (D:3)
  Natasha (thrice) (D:2 D:4)
  An iguana (D:4)
  2 worker ants (D:4)
  2 adders
  2 worms
  4 leopard geckos
  An orc (D:3)
  3 ball pythons
  5 bats
  8 giant cockroaches
  2 hobgoblins
  6 jackals
  10 kobolds
  3 quokkas
  6 frilled lizards
  13 goblins
  A quokka skeleton (D:4)
  2 rats
79 creatures vanquished.

Vanquished Creatures (others)
  Dowan (D:4)
1 creature vanquished.

Grand Total: 80 creatures vanquished

Notes
Turn   | Place    | Note
-------+----------+-------------------------------------------
     0 | D:1      | NullDivider the Octopode Artificer began the quest for the Orb.
     0 | D:1      | Reached XP level 1. HP: 13/13 MP: 3/3
   299 | D:1      | Reached XP level 2. HP: 18/18 MP: 4/4
  1111 | D:2      | Reached XP level 3. HP: 16/23 MP: 5/5
  1717 | D:2      | Noticed Natasha
  1732 | D:2      | Killed Natasha
  1732 | D:2      | Reached XP level 4. HP: 8/29 MP: 6/6
  2303 | D:2      | Found a sparkling altar of Nemelex Xobeh.
  2308 | D:2      | Became a worshipper of Nemelex Xobeh the Trickster
  2583 | D:3      | Received a gift from Nemelex Xobeh
  2712 | D:3      | Noticed Ijyb
  2741 | D:3      | Killed Ijyb
  2741 | D:3      | Reached XP level 5. HP: 20/34 MP: 8/8
  3480 | D:3      | Noticed an ogre
  3488 | D:3      | Killed an ogre
  3728 | D:4      | Reached XP level 6. HP: 41/41 MP: 9/9
  3760 | D:4      | Noticed Eustachio
  3775 | D:4      | Killed Eustachio
  3818 | D:4      | Noticed a phantom
  3828 | D:4      | Killed a phantom
  3828 | D:4      | Reached skill level 5 in Stealth
  3828 | D:4      | Reached XP level 7. HP: 43/45 MP: 10/10
  3840 | D:4      | Noticed Natasha
  3851 | D:4      | Killed Natasha
  4049 | D:4      | Noticed Natasha
  4056 | D:4      | Killed Natasha
  4184 | D:4      | Reached skill level 5 in Evocations
  4388 | D:4      | Noticed Sigmund
  4416 | D:4      | Killed Sigmund
  4417 | D:4      | Reached * piety under Nemelex Xobeh
  4835 | D:4      | Noticed Dowan
  4836 | D:4      | Noticed Duvessa
  4844 | D:4      | Your ally died
  4851 | D:4      | Mangled by Duvessa

Skill      XL: |  1  2  3  4  5  6  7 |
---------------+----------------------+-----
Stealth        | 2 3 4 5 |  5.7
Short Blades   | 2 3 |  3.6
Evocations     | 4 5 |  5.2
Fighting       | 2 3 |  3.4
Dodging        | 3 4 |  4.0

Action                   |  1- 3 |  4- 6 |  7- 9 || total
-------------------------+-------+-------+-------++-------
Melee: Dagger            |    67 |    77 |    59 ||   203
       Constrict         |    22 |    19 |    14 ||    55
       Short sword       |     2 |       |       ||     2
       Tentacles         |    15 |    16 |    13 ||    44
Evoke: Wand              |     1 |    22 |    13 ||    36
       Deck              |       |     5 |     2 ||     7
  Use: Scroll            |       |     6 |     1 ||     7
 Stab: Sleeping          |     9 |     3 |     2 ||    14
  Eat: Chunk             |    12 |     7 |     3 ||    22
Armor: Skin              |     2 |     7 |     1 ||    10
Dodge: Dodged            |    31 |    45 |    40 ||   116
